 Dungeon Crawl Stone Soup version 0.31-a0-424-g41b3b0883d (webtiles) character file.

Game seed: 3264620275528559341

4703 Morbidden the Grappler (level 10, 54/95 HPs)
             Began as a Troll Shapeshifter on July 30, 2023.
             Was a Follower of Cheibriados.
             Quit the game on level 11 of the Dungeon.
             The game lasted 00:12:42 (6062 turns).

Morbidden the Grappler (Troll Shapeshifter)         Turns: 6062, Time: 00:12:42

Health: 54/95      AC: 13    Str: 37    XL:     10   Next: 21%
Magic:  10/10      EV: 16    Int:  7    God:    Cheibriados [*.....]
Gold:   1052       SH:  0    Dex: 13    Spells: 9/9 levels left

rFire   . .          .
                       - Unarmed
rCold   . . .        (shield currently unavailable)
rNeg    . . .        a - melded +0 animal skin
rPois   .            (helmet currently unavailable)
rElec   .            (cloak currently unavailable)
rCorr   .            (gloves unavailable)
SInv    .            (boots unavailable)
Will    .....        k - amulet of magic regeneration
Stlth   ++           l - +5 ring of evasion
HPRegen 1.15/turn    D - +4 ring of protection
MPRegen 0.52/turn

%: no passive effects
@: snake-form, very slow
A: constrict, large, unfitting armour, (claws 3), regeneration 1, (shaggy fur
1), (tough skin 1)
a: Begin Untransformation, Renounce Religion, Bend Time


You were on level 11 of the Dungeon.
You worshipped Cheibriados.
Cheibriados was aware of your devotion.
You were an enormous anaconda.
You visited 2 branches of the dungeon, and saw 12 of its levels.
You also visited: Ossuary.

You collected 1052 gold pieces.

Inventory:

Missiles
 e - 11 poisoned darts
 f - 16 stones (quivered)
 q - 6 boomerangs
 J - 2 throwing nets
Armour
 a - a +0 animal skin (melded)
 K - +0 steam dragon scales
Jewellery
 k - an amulet of magic regeneration (around neck)
 l - a +5 ring of evasion (left hand)
 t - a ring of wizardry
 C - a ring of ice
 D - a +4 ring of protection (right hand)
Talismans
 c - a beast talisman
 u - a serpent talisman (active)
Wands
 i - a wand of charming (8)
 B - a wand of light (9)
Scrolls
 d - 9 scrolls of identify
 h - 3 scrolls of poison
 j - 7 scrolls of immolation
 p - a scroll of teleportation
 v - 3 scrolls of enchant weapon
 y - 2 scrolls of enchant armour {unknown}
 E - a scroll of fog {unknown}
Potions
 b - 2 potions of lignification
 g - a potion of mutation {unknown}
 m - 3 potions of heal wounds {unknown}
 n - 6 potions of curing {unknown}
 o - 4 potions of enlightenment {unknown}
 r - 3 potions of haste {unknown}
 s - a potion of invisibility {unknown}
 w - 3 potions of might {unknown}
 x - a potion of brilliance {unknown}
 z - 2 potions of attraction {unknown}
 A - 4 potions of degeneration {unknown}
 G - a potion of berserk rage {unknown}
 H - a potion of cancellation {unknown}
 I - a potion of resistance {unknown}


   Skills:
 * Level 4.5 Fighting
 + Level 4.4 Throwing
 * Level 4.7 Dodging
 + Level 1.2 Stealth
 * Level 8.5 Unarmed Combat
 * Level 1.8 Invocations
 * Level 7.5 Shapeshifting


You had 9 spell levels left.
You didn't know any spells.
Your spell library contained the following spells:

 Spells                   Type           Power      Damage    Failure   Level
 Apportation              Tloc           0%         N/A       43%         1
 Summon Small Mammal      Summ           0%         N/A       43%         1
 Call Canine Familiar     Summ           0%         N/A       80%         3
 Summon Guardian Golem    Hex/Summ       0%         N/A       80%         3
 Tukima's Dance           Hex            0%         N/A       80%         3
 Passage of Golubria      Tloc           0%         N/A       99%         4
 Alistair's Intoxication  Tmut/Pois      0%         N/A       100%        5
 Yara's Violent Unravell  Hex/Tmut       0%         3d3       100%        5


Dungeon Overview and Level Annotations

Branches:
Dungeon (12/15)            Temple (1/1) D:7         Ossuary (visited)
   Lair: D:8-11         Orc: D:9-12

Altars:
Ashenzari
Cheibriados
Dithmenos
Elyvilon
Fedhas
Gozag
Hepliaklqana
Kikubaaqudgha
Nemelex Xobeh
Okawaru
Qazlal
Ru
Sif Muna
Trog
Uskayaw
Vehumet
Wu Jian
Xom
Yredelemnul
Zin
The Shining One

Shops:
D:5 (=

Annotations:
D:3 3 runed translucent doors, blacky4's ghost, amateur DjFE
D:9 Erica
D:12 Rupert


Innate Abilities, Weirdness & Mutations

You are an enormous anaconda.
You have a powerful constriction melee attack.
Your armour is entirely melded.
You are incapable of wielding weapons or throwing items.
You are too large for most types of armour.
((You have claws for hands.))
Your natural rate of healing is unusually fast.
((You are covered in fur. (AC +1)))
((You have tough skin. (AC +1)))


Message History

The gargoyle hurls a stone arrow at you.
The stone arrow hits you!!
Unknown command.
You body-slam the scorpion!!
You kill the scorpion!
Cheibriados thoroughly appreciates the change of pace.
Unknown command.
You barely miss the gargoyle. Your grab misses the gargoyle.
The gargoyle hits you with a +0 mace.
Unknown command.
You hit the gargoyle but do no damage. Your grab misses the gargoyle.
Your surroundings suddenly seem different. 4 killer bees and 5 centaurs come into view.
Found 19 gold pieces and a scroll of poison.
The killer bee buzzes angrily.
The centaur shouts! x3
The killer bee buzzes angrily.
The centaur wields a +0 shortbow.
The centaur shoots an arrow.
The arrow hits you!
The centaur wields a +0 shortbow.
The centaur shoots an arrow.
The arrow hits you but does no damage. The killer bee barely misses you.
A killer bee comes into view.
The centaur wields a +0 shortbow.
The centaur shoots an arrow.
The arrow barely misses you.
The arrow misses the killer bee.
The killer bee buzzes angrily.
The centaur shouts!
Unknown command.
You closely miss the killer bee. Your grab misses the killer bee.
The killer bee barely misses you.
The centaur shoots an arrow.
The arrow closely misses you.
The centaur shoots an arrow.
The arrow misses you.
The arrow misses the killer bee.
The killer bee closely misses you.
The centaur wields a +0 shortbow.
The centaur shoots an arrow.
The arrow hits you.
The centaur unwields a +0 shortbow.
The centaur hits you but does no damage.
The centaur misses you.
The centaur shoots an arrow.
The arrow closely misses you.
Unknown command.
Okay, then.
Unknown command.
Unknown command.
Are you sure you want to abandon this character and quit the game? (Confirm with "yes".)

## ###### ##
... c.... ...
#.. #.c.#.?..
#... #........
.#...c#.c......
.....y.Sc......
#####yyy.......
#.#........
#.#..$..... #
#........
.$.......
##.......
.......


You could see 5 centaurs and 4 killer bees.

Vanquished Creatures
  A two-headed ogre (D:8)
  A wyvern (D:8)
  2 steam dragons (D:9)
  2 ice beasts
  An orc warrior (D:9)
  2 sky beasts
  3 black bears
  A centaur (D:9)
  3 phantoms
  Blork the orc (D:4)
  A gnoll sergeant (D:7)
  5 bullfrogs
  2 wyvern zombies (Ossuary)
  5 scorpions
  5 wights (D:8)
  A water moccasin zombie (Ossuary)
  6 bullfrog zombies (Ossuary)
  6 centaur zombies (Ossuary)
  3 hounds
  2 orc priests
  A gnoll bouda (D:7)
  2 iguanas
  Ijyb (D:5)
  5 orc wizards
  2 sleepcaps (D:6)
  3 killer bee zombies (Ossuary)
  11 mummies (Ossuary)
  17 gnolls
  12 adders
  A shadow imp (D:8)
  2 white imps
  An ufetubus (D:7)
  A worm (D:2)
  11 dart slugs
  28 orcs
  11 endoplasms
  4 giant cockroaches
  5 goblins (D:1)
  7 hobgoblins
  5 jackals
  6 quokkas
  14 ball pythons
  4 bats
  5 frilled lizards
  8 kobolds
  2 rats
222 creatures vanquished.

Notes
Turn   | Place    | Note
-------+----------+-------------------------------------------
     0 | D:1      | Morbidden the Troll Shapeshifter began the quest for the
                  | Orb.
     0 | D:1      | Reached XP level 1. HP: 18/18 MP: 0/0
    52 | D:1      | Reached XP level 2. HP: 26/26 MP: 1/1
    71 | D:1      | Reached skill level 1 in Fighting
   222 | D:1      | Reached XP level 3. HP: 31/33 MP: 2/2
   645 | D:2      | Reached XP level 4. HP: 41/41 MP: 3/3
  1034 | D:3      | Noticed blacky4's ghost (amateur DjFE)
  1097 | D:3      | Found a runed translucent gate.
  1098 | D:3      | Found a runed translucent gate.
  1099 | D:3      | Found a runed translucent gate.
  1295 | D:3      | Reached skill level 1 in Throwing
  1295 | D:3      | Reached XP level 5. HP: 48/48 MP: 4/4
  1367 | D:3      | Reached skill level 4 in Unarmed Combat
  1773 | D:3      | Reached XP level 6. HP: 57/57 MP: 5/5
  2375 | D:4      | Noticed Blork the orc
  2382 | D:4      | Killed Blork the orc
  3013 | D:5      | Entered Level 5 of the Dungeon
  3119 | D:5      | Found Luonkupp's Jewellery Boutique.
  3167 | D:5      | Noticed an ice beast
  3179 | D:5      | Killed an ice beast
  3180 | D:5      | Reached XP level 7. HP: 47/65 MP: 6/6
  3262 | D:5      | Noticed Ijyb
  3275 | D:5      | Killed Ijyb
  3276 | D:5      | Reached skill level 5 in Unarmed Combat
  3461 | D:5      | Found Ucrum's Weapon Shoppe.
  3638 | D:5      | Reached skill level 5 in Shapeshifting
  3731 | D:6      | Identified a scroll of acquirement
  3731 | D:6      | Acquired 593 gold pieces
  3796 | D:6      | Reached XP level 8. HP: 74/74 MP: 7/7
  3846 | D:6      | Found a sand-covered staircase.
  3850 | Ossuary  | Entered an ossuary
  3899 | Ossuary  | Reached skill level 6 in Unarmed Combat
  4432 | D:6      | Reached XP level 9. HP: 51/83 MP: 8/8
  4762 | D:7      | Reached skill level 1 in Stealth
  4762 | D:7      | Reached skill level 7 in Unarmed Combat
  5011 | D:7      | Found a staircase to the Ecumenical Temple.
  5022 | Temple   | Entered the Ecumenical Temple
  5038 | Temple   | Became a worshipper of Cheibriados the Contemplative
  5217 | D:7      | Found a sparkling altar of Nemelex Xobeh.
  5217 | D:7      | Found a broken altar of Ashenzari.
  5222 | D:7      | Found a glowing silver altar of Zin.
  5223 | D:7      | Found a white marble altar of Elyvilon.
  5225 | D:7      | Found a shadowy altar of Dithmenos.
  5226 | D:7      | Found a blossoming altar of Fedhas.
  5232 | D:7      | Found an opulent altar of Gozag.
  5233 | D:7      | Found a basalt altar of Yredelemnul.
  5385 | D:8      | Reached skill level 1 in Invocations
  5449 | D:8      | Found an ornate altar of the Wu Jian Council.
  5592 | D:8      | Noticed a two-headed ogre
  5597 | D:8      | Killed a two-headed ogre
  5598 | D:8      | Reached skill level 8 in Unarmed Combat
  5598 | D:8      | Reached XP level 10. HP: 89/93 MP: 8/10
  5741 | D:8      | Reached * piety under Cheibriados
  5846 | D:9      | Noticed Erica
  6015 | D:9      | You fall into a shaft and drop 3 floors!
  6025 | D:12     | Noticed a cyclops
  6025 | D:12     | Noticed a manticore
  6048 | D:12     | Noticed Rupert
  6054 | D:11     | Noticed a gargoyle
  6062 | D:11     | Quit the game

Illustrated notes

Levels and vault maps discovered:
D:1:      mrwooster_arrival_statue_3, layout_basic, nicolae_grassy_gnolls
D:2:      layout_basic, kennysheep_another_room
D:3:      kennysheep_slugbush, layout_basic, gammafunk_ghost_icy, minmay_cupped
D:4:      layout_basic, uniq_blork_the_orc
D:5:      layout_basic, serial_shops, shop, nicolae_shop_gaudy_bauble,
          kennysheep_boxes, uniq_ijyb
D:6:      layout_cave_pools, nicolae_ossuary_entry_plus
D:7:      layout_basic, nicolae_overflow_hallway_of_the_gods,
          minmay_temple_entry_crystal_x
D:8:      layout_gridville, mainiacjoe_overflow_small_starburst,
          nicolae_figureground_sparkle
D:9:      kennysheep_steamy, layout_grid_maze, nicolae_overflow_hidden_temple,
          enter_bailey_6, uniq_pikel, uniq_erica
D:11:     layout_stronghold, grunt_lair_entry_orc_guard_hut
D:12:     layout_basic, kennysheep_decorative_pillar, uniq_rupert, uniq_lodul,
          uniq_maurice, uniq_jorgrun
Temple:   hc_temple_tempest_star

Skill      XL: |  1  2  3  4  5  6  7  8  9 |
---------------+----------------------------+-----
Fighting       | 1 2 3 4 |  4.5
Dodging        | 2 3 4 |  4.7
Throwing       | 1 2 3 4 |  4.4
Shapeshifting  | 4 5 6 7 |  7.5
Unarmed Combat | 4 5 6 8 |  8.5
Stealth        | 1 |  1.2
Invocations    | 1 |  1.8

Action                     |  1- 3 |  4- 6 |  7- 9 | 10-12 || total
---------------------------+-------+-------+-------+-------++-------
  Melee: Unarmed           |    98 |   148 |   259 |    36 ||   541
         Punch             |     1 |     1 |     6 |       ||     8
         Constrict         |       |       |    22 |     6 ||    28
  Throw: Stone             |       |    27 |     9 |       ||    36
    Use: Scroll            |       |     4 |     5 |     5 ||    14
   Stab: Sleeping          |       |     2 |       |       ||     2
 Armour: Animal skin       |    33 |    21 |    38 |       ||    92
         Skin              |       |       |    21 |    17 ||    38
  Dodge: Dodged            |    49 |    99 |   186 |    45 ||   379
   Form: Anaconda          |       |       |     3 |       ||     3
         Beast             |       |       |     1 |       ||     1
                           |       |       |     1 |       ||     1

Table legend: (Time is in decaauts)
 A = Elapsed time spent in this place.
 B = Non-inter-level travel time spent in this place.
 C = Inter-level travel time spent in this place.
 D = Time resting spent in this place.
 E = Time spent auto-exploring this place.
 F = Levels seen in this place.
 G = Mean time per level.
                   A        B        C        D        E       F      G
               +--------+--------+--------+--------+--------+-----+--------+
         Total |   6291 |   6047 |    244 |    289 |   4144 |  13 |  483.9 |
       Dungeon |   5774 |   5548 |    226 |    185 |   3953 |  11 |  524.9 |
        Temple |     35 |     18 |     17 |      0 |      0 |   1 |   35.0 |
       Ossuary |    481 |    481 |      0 |    104 |    191 |   1 |  481.0 |
               +--------+--------+--------+--------+--------+-----+--------+

Top non-repeatable levels by time:
     D:3: 1038 daAuts
     D:4: 932 daAuts
     D:5: 710 daAuts
     D:7: 640 daAuts
     D:8: 634 daAuts
     D:6: 529 daAuts
     D:2: 523 daAuts
     D:1: 504 daAuts
 Ossuary: 481 daAuts
     D:9: 201 daAuts
    D:12: 51 daAuts
  Temple: 35 daAuts
    D:11: 9 daAuts
